← All builds
Tech / Armada / Economy first / OBSERVED BUILD

Standard tech

Armada Tech (Eco) build order · Supreme Isthmus

Rushes T2 by 4:15, gets Advanced Metal Extractor around 5:28, hands off T2 constructors to Geo and the team, then scales eco and supplies the team's T2 needs through the rest of the game.

Usually first T2 con to Geo (83%)

#eco #t2 #team support · 1591 distinct matches · 254 players · 60% of Armada Tech games · team won 53% of 1901 · Recently observed

HOW TO PLAY IT

Key timing: T2 factory by 4:15

  1. Open 3 mex and heavy wind to fund a fast T2 rush.
  2. Put down Bot Lab, planning to eat it for reclaim soon after.
  3. Get Advanced Bot Lab up, hitting the T2 factory rush timing.
  4. Upgrade mex to Advanced Metal Extractor to lock in team metal income.
  5. Eat Advanced Bot Lab and keep sending cons to Geo and Pond.

Phase by phase

TYPICAL OF ITS 1591 GAMES
  1. 1
  2. 2
  3. 3
  4. 4
PLAY THE OPENING

Follow the example game's first 6:00 step by step: what to build now, what comes next, and where it goes. At 1× it keeps pace with your own game.

  1. 1

    Up to the Bot Lab

    Economy
    • Metal Extractor3Mex
    • Wind Turbine4Wind
    Order
    1. Bot LabBot Lab after 3 mex, 4 winddone ~1:18, middle half 1:13–1:32

    Some games also: energy storage (31%)

    By 1:01 in all: 3 mex · 4 wind

    The example game in this phase · 3 steps
    1. Mex ×3
    2. Wind ×3
    3. Bot LabBot Labdone 1:10 · typical 1:18
  2. 2

    Bot Lab to Advanced Bot Lab

    Economy
    • Metal Extractor1Mex
    • Wind Turbine8Wind
    • Energy Storage1Energy storage
    Order
    1. Advanced Bot LabAdvanced Bot Lab after 4 mex, 12 wind, 3 con turretdone ~4:16, middle half 4:04–4:30
    Builders
    • Construction Turret3 Con turret
    • Lazarus3 Lazarus
    • Construction Bot2 Con bot
    • Construction Bot1 Con bot for allies

    Some games also: converter (36%)

    By 3:18 in all: 4 mex · 12 wind · 1 energy storage · 3 con turret

    The example game in this phase · 17 steps
    1. LazarusLazarus
    2. Construction BotCon bot
    3. Wind ×2
    4. LazarusLazarus
    5. Construction BotCon botfor Air
    6. Wind
    7. LazarusLazarus
    8. Mex
    9. Construction BotCon bot
    10. Wind
    11. Energy storage
    12. TickTick ×10
    13. Construction BotCon bot
    14. Wind
    15. Con turret ×2
    16. LazarusLazarus ×3
    17. Advanced Bot LabAdvanced Bot Labdone 4:48 · typical 4:16
  3. 3

    Advanced Bot Lab to 5:00

    Economy
    • Wind Turbine3Wind
    Order
    1. Bot LabEat Bot Lab
    Builders
    • Advanced Construction Bot1 T2 con bot for allies

    Some games also: converter (35%)

    By 5:00 in all: 4 mex · 15 wind · 1 converter · 1 energy storage · 3 con turret

    The example game in this phase · 6 steps
    1. LazarusLazarus
    2. Wind ×3
    3. LazarusLazarus
    4. Wind
    5. Bot LabEat Bot Labreclaimed for its metal
    6. Advanced Construction BotT2 con botfor Geo sea
  4. 4

    5:00 to 10:00

    Economy
    • Wind Turbine43Wind
    • Energy Converter6Converter
    Builders
    • Butler9 Butler
    • Advanced Construction Bot4 T2 con bot for allies
    • Advanced Construction Bot1 T2 con bot

    Some games also: con turret (43%) · Butler for allies (37%)

    By 10:00 in all: 4 mex · 58 wind · 8 converter · 1 energy storage · 3 con turret

    The example game in this phase · 150 steps
    1. FatboyFatboyfor Ponddone 6:08
    2. Advanced Metal ExtractorT2 mexdone 5:50 · typical 5:28
    3. Wind ×6
    4. ArchangelArchangeldone 6:34
    5. Wind
    6. Advanced Construction BotT2 con botfor Air
    7. ButlerButler ×2
    8. Wind
    9. ButlerButler
    10. Advanced Metal ExtractorT2 mex
    11. ButlerButler
    12. Advanced Metal ExtractorT2 mex
    13. Advanced Construction BotT2 con bot ×2
    14. Advanced Construction BotT2 con bot ×3for Pond
    15. Converter
    16. Advanced Metal ExtractorT2 mex
    17. Converter
    18. Advanced Construction BotT2 con botfor Suicide front
    19. Converter ×2
    20. Wind ×9
    21. Advanced Construction BotT2 con botfor Front
    22. Wind ×3
    23. ButlerButler
    24. Wind
    25. Con turret
    26. ButlerButler
    27. Wind
    28. Con turret
    29. Wind
    30. ButlerButler
    31. Wind
    32. ButlerButler
    33. Wind ×2
    34. ButlerButler
    35. Wind ×2
    36. ButlerButler
    37. Con turret
    38. Wind ×5
    39. ButlerButler
    40. Wind ×3
    41. Converter
    42. Wind
    43. ButlerButler
    44. Wind ×6
    45. ButlerButler
    46. Converter
    47. Wind ×4
    48. ButlerButler
    49. Wind ×2
    50. Converter
    51. Wind ×2
    52. Con turret
    53. Wind
    54. Converter
    55. Wind ×2
    56. SprinterSprinter
    57. Wind ×3
    58. Converter
    59. Wind ×3
    60. ButlerButler
    61. Con turret
    62. Wind ×3
    63. ButlerButler
    64. Converter
    65. Wind ×3
    66. Con turret
    67. Wind ×2
    68. Converter
    69. Wind ×3
    70. Converter
    71. Wind ×4
    72. Converter
    73. Wind
    74. ButlerButler
    75. Wind ×4
    76. Converter ×2
    77. Wind ×3
    78. ButlerButler
    79. Converter
    80. Wind ×2
    81. Converter
    82. Wind ×3
    83. Converter
    84. Advanced Construction BotT2 con bot
    85. Converter
    86. Wind ×5
    87. Converter ×2
    88. Wind ×3
    89. Converter
    90. Wind ×3
    91. Converter
    92. ButlerButler
    93. Wind ×3
    94. Fusion ReactorFusiondone 13:42
    95. Converter ×2
    96. Wind ×2
    97. Advanced Construction BotT2 con bot
    98. Wind
    99. Metal storage
    100. Converter
    101. Wind ×2
    102. Converter
    103. Wind ×3
    104. Converter
    105. Wind ×2
    106. Converter
    107. Wind ×2
    108. Converter
    109. Wind ×2
    110. Advanced Bot LabEat Advanced Bot Labreclaimed for its metal
    111. Converter
    112. Wind ×4
    113. Converter
    114. Wind ×3
    115. Converter
    116. Wind
    117. Converter
    118. Wind ×3
    119. Converter
    120. Fusion ReactorFusion
    121. Wind
    122. Converter
    123. Wind
    124. Converter ×4
    125. Wind ×2
    126. Converter
    127. Wind ×2
    128. Converter
    129. Wind ×3
    130. Converter ×2
    131. Wind ×2
    132. Converter ×2
    133. Wind ×2
    134. Converter
    135. Wind
    136. Converter
    137. Wind
    138. Converter ×2
    139. Wind ×2
    140. Fusion ReactorFusion
    141. Converter
    142. Wind
    143. Converter
    144. Wind
    145. Converter
    146. Wind
    147. Converter
    148. Wind ×2
    149. Converter
    150. Wind

Counts are medians over the build's games: half of them build more, half fewer. The example game is SK0NK's (33 OS, 07/08/2026); pick another.

Team trades

IN AT LEAST 30% OF ITS GAMES

You hand over

  • Construction Bot1 Con bot to Airfirst at 2:23 · in 84% of games
  • Advanced Construction Bot5 T2 con bot to Air or Pond or Geo seafirst at 4:50 · in 99% of games
  • Butler2 Butler to Geo sea or Beach sea or Pondfirst at 9:06 · in 42% of games

You get

  • Hercules1 Light transport from Airfirst at 4:01 · in 86% of games

How it plays out

Typical game of this build, running totals by minute

Metal produced

020k40k
0:005:0010:0015:00

metal

Enemy metal destroyed

050100150
0:005:0010:0015:00

metal

Own metal lost

050100150
0:005:0010:0015:00

metal

1901 games.

Show as table
ByMetal produced: This buildEnemy metal destroyed: This buildOwn metal lost: This build
1:0038300
2:0091500
3:00165200
4:00314400
5:00484800
6:00580200
7:00723000
8:00906500
9:001117900
10:001352400
11:001624200
12:001965200
13:002342800
14:0027285074
15:0031507115130
WHAT THE NUMBERS SAY

Standard Tech play barely fights at all early, instead pouring metal into T2 infrastructure and constructors for the team.

  • + Metal produced hits 31679 by 15:00, by far the highest of any role here.
  • + T2 factory reached in 97% of games by 4:15, fastest and most reliable T2 timing.
  • − Enemy metal destroyed stays at 0 through 10:00, no early offense at all.
  • − Own metal lost also near 0, showing total avoidance of combat risk.
THE EXAMPLE YOU ARE READING

SK0NK

32.9 OS · 07/08/2026

Open source match ↗

4 received units · includes a constructor
3045 metal received · 46393 energy received

Allied construction assistance is unknown. Timings are observations, not a promise of solo reproducibility.

Typical milestones

Bot Lab1:18Middle 50%: 1:13–1:32 · n=1901
Advanced Bot Lab4:16Middle 50%: 4:04–4:30 · n=1894
Advanced Metal Extractor5:28Middle 50%: 5:05–5:59 · n=1897

Played most by

Amrissa97games of this buildTheGeneraI70games of this buildAdeus57games of this buildEl_Turco55games of this buildKOT_45games of this build